Selects Airborne Battlegroup
Selects Airborne Battlegroup
Selects Heavy Machine Gun Paradrop
Heavy Machine Gun Paradrop
Construct Weapon Support Center
Heavy Machine Gun Paradrop
Selects Paratrooper Squad Paradrop
Paratrooper Squad Paradrop
M3 Armored Personnel Carrier
Paratrooper Squad Paradrop
Paratrooper Squad Paradrop
M3 Armored Personnel Carrier
Selects Anti-tank Gun Team Paradrop
Anti-tank Gun Team Paradrop
M18 Hellcat Tank Destroyer
Selects Smoke Bombing Run
Selects Carpet Bombing Run
M4(105) Sherman Bulldozer
M18 Hellcat Tank Destroyer
M4(105) Sherman Bulldozer
Anti-tank Gun Team Paradrop
Improved M9 Bazooka Rockets
M18 Hellcat Tank Destroyer
M18 Hellcat Tank Destroyer